Map: Ephemeron LE

Players

Volghan - Winner!

  • Race: Terran Terran
  • League: Silver
  • Spawn Location: 11:00

Ratl

  • Race: Protoss Protoss
  • League: Silver
  • Spawn Location: 5:00

VOD

Have the link to the VOD?

Description

Time

  • Played on: Feb. 15, 2020, 9:33 a.m.
  • Length: 13:28
Show
View Real Time Build Order
Export as new Build Order

Volghan Terran - Winner!

Build Orders:  

Get SALT Encoding   

  12  0:03  SCV  
  13  0:15  SCV  
  13  0:20  Supply Depot  
  14  0:27  SCV  
  15  0:32  Refinery  
  15  0:41  SCV  
  16  0:47  Barracks  
  16  0:54  SCV  
  17  1:07  SCV  
  17  1:11  Barracks  
  18  1:20  SCV  
  19  1:31  Supply Depot  
  19  1:34  SCV  
  19  1:36  Reaper  
  21  1:42  Barracks  
  21  1:46  SCV  
  22  1:58  Reaper  
  23  2:06  Orbital Command  
  23  2:09  Refinery  
  23  2:10  Reaper  
  24  2:30  Reaper  
  24  2:32  Reaper  
  24  2:35  SCV  
  27  2:46  Reaper  
  27  2:47  SCV  
  29  2:56  Command Center  
  29  3:02  SCV, Reaper  
  31  3:33  Supply Depot  
  31  3:36  Supply Depot  
  31  3:55  SCV, Marine, Reaper x2  
  35  4:07  SCV  
  34  4:13  Marine  
  34  4:19  SCV x2  
  38  4:31  SCV x2  
  38  4:33  Reaper x2  
  38  4:34  Reaper  
  41  4:43  SCV x2  
  40  4:55  SCV x2  
  42  5:05  Factory, Reaper  
  42  5:06  Reaper  
  44  5:09  Refinery  
  44  5:10  Refinery  
  44  5:11  Orbital Command  
  44  5:19  Reaper  
  44  5:21  SCV  
  46  5:24  Command Center  
  46  5:33  SCV  
  47  5:44  SCV  
  47  5:45  SCV  
  47  5:47  Reaper x2  
  47  5:49  Command Center  
  51  5:50  Factory  
  51  5:51  Reaper  
  51  5:56  SCV  
  53  5:57  SCV  
  53  6:01  Factory Tech Lab  
  54  6:08  Starport  
  52  6:24  Marine x3  
  53  6:29  SCV x2  
  55  6:36  Factory  
  54  6:41  SCV x2  
  54  6:42  Marine x3  
  54  6:45  Starport  
  57  6:59  SCV x2  
  57  7:00  SCV, Marine  
  61  7:01  SCV  
  61  7:08  Refinery  
  61  7:11  SCV x2  
  61  7:12  SCV  
  61  7:13  SCV  
  61  7:14  Marine x2  
  67  7:15  Factory Tech Lab  
  67  7:18  Marine, Starport Tech Lab  
  68  7:23  SCV  
  68  7:24  SCV x2  
  68  7:25  SCV  
  72  7:32  Marine  
  72  7:35  Marine, SCV  
  72  7:36  SCV x2  
  77  7:37  SCV  
  77  7:38  Barracks, Factory Tech Lab  
  77  7:41  Barracks  
  78  7:55  Orbital Command x2  
  78  7:58  Marine x3  
  79  8:04  SCV x2  
  83  8:16  Marine x3, SCV x2  
  88  8:23  Siege Tank  
  91  8:27  Barracks  
  91  8:28  SCV  
  92  8:41  Supply Depot x2  
  92  8:43  Supply Depot x2  
  92  8:44  Barracks Tech Lab x3  
  92  8:45  Supply Depot  
  92  8:46  Supply Depot x2, Starport Tech Lab  
  92  8:47  Supply Depot  
  92  8:48  Cloaking Field  
  92  8:56  Refinery  
  92  9:02  SCV x2, Banshee, Siege Tank  
  100  9:03  SCV x2, Refinery, Siege Tank x2  
  100  9:06  Refinery  
  100  9:07  Supply Depot  
  108  9:13  Marine x5  
  108  9:14  Marine, SCV x2  
  108  9:15  SCV  
  108  9:16  Medivac  
  119  9:30  SCV x2, Marine  
  119  9:31  SCV, Marine x2  
  124  9:34  Siege Tank  
  124  9:35  Siege Tank  
  124  9:38  SCV  
  132  9:40  Marine x3  
  132  9:41  Siege Tank  
  132  9:45  Banshee  
  141  9:46  Medivac  
  141  9:48  Combat Shield, Marine x2  
  141  9:50  Stimpack  
  141  9:52  Infernal Pre-Igniter  
  145  9:58  Engineering Bay  
  145  10:02  Marine  
  145  10:03  Marine x3  
  145  10:06  Marine, Siege Tank  
  153  10:07  Siege Tank  
  156  10:16  Medivac  
  158  10:24  Armory  
  158  10:26  SCV  
  158  10:28  Medivac  
  161  10:36  Marine x3  
  161  10:41  Marine x3, SCV  
  168  10:46  Medivac, Siege Tank  
  168  10:47  Siege Tank x2  
  179  10:53  Marine  
  179  10:54  SCV, Marine x2  
  183  10:58  Medivac  
  183  10:59  Marine x3  
  188  11:06  SCV  
  189  11:11  Marine x2, Mag-Field Accelerator  
  189  11:12  Fusion Core  
  168  11:59  Marine x5  
  168  12:00  Medivac  
  168  12:01  Medivac  
  162  12:30  Medivac  
  162  12:31  Medivac  
  162  12:36  Marine x5  
  162  12:37  Marine  
  154  12:52  Siege Tank x3  
  154  12:54  Marine x6  
Show
View Real Time Build Order
Export as new Build Order

Ratl Protoss 

Build Orders:  

Get SALT Encoding   

  12  0:01  Probe  
  13  0:13  Probe  
  14  0:17  Pylon  
  14  0:25  Probe  
  15  0:37  Probe  
  16  0:42  Gateway  
  16  0:49  Probe (Chrono Boost)  
  17  0:59  Assimilator  
  17  1:01  Probe (Chrono Boost)  
  18  1:10  Probe (Chrono Boost)  
  19  1:15  Probe  
  20  1:28  Probe  
  21  1:36  Gateway  
  21  1:40  Probe  
  21  1:41  Cybernetics Core  
  22  1:47  Assimilator  
  22  1:52  Probe  
  23  2:08  Pylon  
  23  2:12  Pylon  
  23  2:17  Warp Gate  
  23  2:26  Probe, Stalker x2  
  28  2:38  Probe (Chrono Boost)  
  29  2:47  Nexus  
  29  2:50  Probe (Chrono Boost)  
  30  2:56  Stalker  
  30  2:58  Probe (Chrono Boost)  
  33  3:01  Stalker  
  33  3:04  Probe  
  36  3:13  Pylon  
  36  3:17  Probe (Chrono Boost)  
  37  3:29  Probe (Chrono Boost)  
  37  3:31  Stalker  
  40  3:36  Pylon  
  40  3:37  Probe (Chrono Boost)  
  41  3:43  Probe  
  40  3:55  Probe  
  26  4:07  Probe (Chrono Boost)  
  20  4:17  Probe (Chrono Boost)  
  20  4:19  Probe (Chrono Boost)  
  22  4:27  Probe x2 (Chrono Boost)  
  23  4:35  Probe x2 (Chrono Boost)  
  25  4:40  Probe x2 (Chrono Boost)  
  27  4:50  Probe  
  27  4:51  Probe  
  29  5:02  Probe (Chrono Boost)  
  31  5:08  Probe (Chrono Boost)  
  31  5:13  Probe (Chrono Boost)  
  32  5:17  Probe (Chrono Boost)  
  32  5:18  Probe (Chrono Boost), Stalker  
  36  5:27  Probe (Chrono Boost)  
  38  5:33  Probe (Chrono Boost)  
  38  5:35  Probe (Chrono Boost)  
  39  5:40  Probe  
  40  5:43  Probe  
  41  5:52  Probe  
  41  5:55  Probe  
  43  6:04  Probe, Nexus  
  43  6:07  Probe, Pylon  
  45  6:16  Probe  
  46  6:19  Probe  
  47  6:29  Probe  
  47  6:31  Probe  
  47  6:32  Stalker x2  
  53  6:41  Probe  
  53  6:43  Probe  
  55  6:53  Probe  
  56  6:55  Probe  
  57  7:07  Probe (Chrono Boost)  
  57  7:08  Probe (Chrono Boost)  
  60  7:16  Assimilator  
  60  7:17  Probe (Chrono Boost)  
  60  7:18  Probe (Chrono Boost), Pylon, Assimilator  
  60  7:20  Probe (Chrono Boost)  
  62  7:24  Robotics Facility  
  62  7:25  Probe (Chrono Boost)  
  62  7:27  Probe x2 (Chrono Boost)  
  62  7:28  Gateway  
  65  7:30  Gateway  
  65  7:32  Probe (Chrono Boost), Gateway  
  65  7:36  Forge  
  66  7:39  Twilight Council  
  66  7:40  Forge  
  66  7:42  Probe, Forge  
  66  7:43  Probe x2  
  69  7:55  Probe x3  
  72  8:02  Stalker  
  72  8:03  Stalker  
  76  8:07  Probe x2  
  76  8:08  Probe  
  79  8:16  Protoss Ground Weapons Level 1 (Chrono Boost), Assimilator, Protoss Ground Armor Level 1 (Chrono Boost)  
  79  8:17  Protoss Shields Level 1 (Chrono Boost)  
  79  8:18  Assimilator  
  79  8:19  Probe x3  
  81  8:21  Pylon  
  81  8:22  Observer  
  83  8:27  Probe  
  83  8:30  Probe  
  83  8:31  Probe  
  85  8:35  Probe  
  85  8:38  Probe  
  87  8:43  Probe, Photon Cannon  
  87  8:44  Photon Cannon  
  87  8:45  Probe, Photon Cannon  
  90  8:49  Photon Cannon  
  90  8:50  Probe  
  90  8:55  Probe  
  92  8:58  Probe  
  92  9:01  Photon Cannon  
  92  9:02  Probe  
  94  9:04  Stalker x2  
  94  9:05  Stalker x2  
  102  9:14  Pylon  
  102  9:15  Pylon  
  102  9:19  Pylon x2  
  102  9:21  Pylon  
  102  9:25  Templar Archives  
  102  9:37  Stalker x2  
  102  9:38  Stalker  
  108  9:41  Nexus  
  108  9:44  Immortal  
  108  9:45  Pylon  
  112  9:48  Pylon  
  112  10:07  Stalker  
  112  10:08  Stalker x3  
  112  10:12  Stalker  
  122  10:23  Immortal, Protoss Ground Armor Level 2 (Chrono Boost)  
  122  10:24  Protoss Ground Weapons Level 2 (Chrono Boost), Protoss Shields Level 2 (Chrono Boost), Robotics Facility  
  122  10:27  Charge  
  126  10:28  Robotics Facility  
  126  10:35  Gateway  
  126  10:36  Gateway  
  126  10:40  Gateway  
  126  10:43  Gateway  
  126  11:05  Probe x4  
  126  11:09  Stalker  
  126  11:10  Stalker  
  134  11:13  Pylon, High Templar  
  134  11:14  High Templar  
  134  11:15  High Templar  
  134  11:16  Assimilator, Nexus  
  134  11:17  Probe x3  
  134  11:18  Probe, Pylon  
  144  11:21  Immortal (Chrono Boost), Assimilator  
  144  11:25  Immortal (Chrono Boost)  
  152  11:34  Immortal (Chrono Boost)  
  156  11:47  Stalker x7  
  78  12:13  Gateway x2  
  78  12:15  Gateway  
  72  12:16  Gateway  
  72  12:17  Gateway  
  72  12:18  Gateway  
  72  12:21  Immortal (Chrono Boost)  
  70  12:31  Stalker  
  70  12:32  Stalker x6  
  70  12:33  Stalker x2  
  46  12:59  Stalker x3  
  46  13:00  Stalker x2  
  46  13:02  Probe x2  
  53  13:16  Stalker x2  
Tags
 
Add a new tag
Caveats
  • Supply blocks, unpowered buildings, or Contaminate may cause inaccurate times.
  • Supply counts are checked every 10 seconds.